 Dungeon Crawl Stone Soup version 0.17.0-18-gaab0e96 (console) character file.

35 gw the Skirmisher (level 3, -3/29 HPs)
             Began as a Mummy Chaos Knight on Nov 11, 2015.
             Slain by a worm (6 damage)
             ... on level 2 of the Dungeon.
             The game lasted 00:01:28 (1303 turns).

gw the Skirmisher (Mummy Chaos Knight)              Turns: 1303, Time: 00:01:28

Health: -3/29      AC:  5    Str: 15    XL:     3   Next: 16%
Magic:  3/3        EV: 11    Int: 11    God:    Xom [..*...]
Gold:   49         SH:  0    Dex: 12    Spells: 0 memorised, 2 levels left

rFire  x . .     SeeInvis .     a - +0 mace (chaos)
rCold  + . .     Clarity  .     b - +2 leather armour
rNeg   + + +     SustAt   .     (no shield)
rPois  ∞         Gourm    .     (no helmet)
rElec  .         Spirit   .     (no cloak)
rCorr  .         Warding  .     (no gloves)
rMut   .         Stasis   .     (no boots)
MR     .....                    (no amulet)
Stlth  +.........               (no ring)
                                (no ring)

@: not resistant to hostile enchantments, very unstealthy
A: no food or potions, fire vulnerability, cold resistance 1, negative energy
resistance 3, torment resistance, unbreathing
a: Renounce Religion


You were on level 2 of the Dungeon.
You worshipped Xom.
You were a toy of Xom.
You were not hungry.

You visited 1 branch of the dungeon, and saw 2 of its levels.

You collected 49 gold pieces.

Inventory:

Hand Weapons
 a - a +0 mace of chaos (weapon)
Missiles
 c - 33 stones (quivered)
 d - 9 poisoned needles
Armour
 b - a +2 leather armour (worn)


   Skills:
 + Level 3.3 Fighting
 * Level 2.7 Maces & Flails
 + Level 0.5 Throwing
 + Level 2.1 Armour
 - Level 0.7 Dodging


You had 2 spell levels left.
You didn't know any spells.

Dungeon Overview and Level Annotations

Branches:
Dungeon (2/15)

Altars:


Innate Abilities, Weirdness & Mutations

You do not eat or drink.
Your flesh is vulnerable to fire.
You are immune to poison.
Your flesh is cold resistant.
You are immune to negative energy.
You are immune to unholy pain and torment.
You can survive without breathing.


Message History

Unknown command.
Unknown command.
Unknown command.
Unknown command.
ATTACKING (-1,1)
You closely miss the adder. The adder closely misses you. The adder bites you.
The worm bites you but does no damage.
Unknown command.
Unknown command.
Unknown command.
Unknown command.
ATTACKING (-1,1)
You closely miss the adder. The adder bites you.
Unknown command.
Unknown command.
Unknown command.
Unknown command.
ATTACKING (-1,1)
You hit the adder but do no damage. The adder misses you. The worm bites you.
You die...

..#.# # #.# #. .. #.#
#.# #.. #.# .. #.. #.#
#.##.. ####### #.# ..#.w
....... #.# ####.#..
.......####.#####....#..
.......Mw....((##(##....
......S#######..((((....
....... #%(#######.
....... ##(# . .......
#(# . ....... #(# .
.....(. #.# . .......
#(# . #.#######(


You could see a worm and an adder.

Table legend:
 A = Turns spent in this place as a percentage of turns spent in the entire game.
 B = Non-inter-level travel turns spent in this place as a percentage of non-inter-level travel turns spent in the entire game.
 C = Inter-level travel turns spent in this place as a percentage of turns spent in this place.
 D = Turns resting spent in this place as a percentage of non-inter-level travel turns spent in this place.
 E = Turns spent auto-exploring this place as a percentage of non-inter-level travel turns spent in this place.
 F = Non-inter-level travel turns spent in this place divided by the number of levels of this place that you've seen.
                   A       B       C       D       E      F
               +-------+-------+-------+-------+-------+----------------------
         Total | 100.0 | 100.0 |   0.1 |   0.8 |   2.1 | 1081.0
       Dungeon | 100.0 | 100.0 |   0.1 |   0.8 |   2.1 | 1081.0
               +-------+-------+-------+-------+-------+----------------------

Table legend:
 A = Kills in this place as a percentage of kills in entire the game.
 B = Kills by you in this place as a percentage of kills by you in the entire game.
 C = Kills by friends in this place as a percentage of kills by friends in the entire game.
 D = Other kills in this place as a percentage of other kills in the entire game.
 E = Experience gained in this place as a percentage of experience gained in the entire game.
 F = Experience gained in this place divided by the number of levels of this place that you have seen.
                   A       B       C       D       E      F
               +-------+-------+-------+-------+-------+----------------------
         Total | 100.0 | 100.0 | 100.0 | 100.0 | 100.0 |  25.0
       Dungeon | 100.0 | 100.0 | 100.0 | 100.0 | 100.0 |  25.0
               +-------+-------+-------+-------+-------+----------------------

Vanquished Creatures
  2 giant geckos
  3 giant cockroaches (D:1)
  2 goblins (D:1)
  2 hobgoblins (D:1)
  A ball python (D:2)
  2 bats (D:1)
  7 jackals (D:1)
  3 kobolds (D:1)
  6 rats (D:1)
28 creatures vanquished.

Vanquished Creatures (collateral kills)
  A bat (D:2)
1 creature vanquished.

Vanquished Creatures (others)
  A worm (D:2)
1 creature vanquished.

Grand Total: 30 creatures vanquished

Notes
Turn   | Place    | Note
--------------------------------------------------------------
     0 | D:1      | gw the Mummy Chaos Knight began the quest for the Orb.
     0 | D:1      | Reached XP level 1. HP: 18/18 MP: 1/1
    41 | D:1      | XOM: potion effect (might)
   154 | D:1      | Reached XP level 2. HP: 22/24 MP: 2/2
   532 | D:1      | XOM is BORED!
   532 | D:1      | XOM: harmless Ice miscast
   623 | D:1      | XOM: divination: detect items
   747 | D:1      | XOM: cast spell 'Confusing Touch'
  1038 | D:1      | Reached XP level 3. HP: 29/29 MP: 3/3
  1215 | D:2      | XOM: confuse monster(s)
  1238 | D:2      | XOM: butterfly on damage
  1268 | D:2      | XOM: enchant monster (good)
  1270 | D:2      | XOM: harmless Tloc miscast
  1271 | D:2      | XOM: enchant monster (good)
  1303 | D:2      | Slain by a worm

Action                   || total
-------------------------++-------
Melee: Mace              ||    82
Throw: Stone             ||    82

Vault maps used:
D:1:      dpeg_arrival_rhombus
D:2:      minmay_misc_feat_enclosed, kennysheep_generic_room_6, uniq_robin,
          uniq_iyjb
